 Dungeon Crawl Stone Soup version 0.28-a0-1435-g82390b3a13 (webtiles) character file.

Game seed: 13190678830496920547

81 hashsling the Grave Robber (level 4, -3/30 HPs)
             Began as a Mummy Necromancer on Jan 9, 2022.
             Was an Initiate of Ru.
             Killed from afar by an orc wizard (6 damage)
             ... with a magic dart
             ... on level 3 of the Dungeon.
             The game lasted 00:11:25 (1494 turns).

hashsling the Grave Robber (Mummy Necromancer)      Turns: 1494, Time: 00:11:26

Health: -3/30      AC:  2    Str: 11    XL:     4   Next: 20%
Magic:  5/9        EV: 12    Int: 16    God:    Ru [......]
Gold:   60         SH:  0    Dex: 12    Spells: 8/10 levels left

rFire   x . .      SeeInvis .   c - +0 spear
rCold   + . .      Faith    .   (no shield)
rNeg    + + +      Spirit   .   a - +0 robe
rPois   ∞          Reflect  .   (no helmet)
rElec   .          Harm     .   (no cloak)
rCorr   .          Rampage  .   (no gloves)
Will    .....                   (no boots)
Stlth   +.........              (no amulet)
HPRegen 0.10/turn               (no ring)
MPRegen 0.11/turn               (no ring)

@: confused
A: cold resistance 1, negative energy resistance 3, torment resistance 2, heat
vulnerability 1, no potions
a: Renounce Religion, Sacrifice Purity, Sacrifice a Hand, Sacrifice an Eye,
Reject Sacrifices


You were on level 3 of the Dungeon.
You worshipped Ru.
Ru was noncommittal.
You visited 1 branch of the dungeon, and saw 3 of its levels.

You collected 60 gold pieces.

Inventory:

Hand Weapons
 c - a +0 spear (weapon)
Missiles
 b - 14 bolts
 d - 26 arrows
 e - a boomerang (quivered)
 h - 27 poisoned darts
 j - 17 sling bullets
Armour
 a - a +0 robe (worn)
Wands
 k - a wand of flame (15)
Scrolls
 f - a scroll of magic mapping
 g - 5 scrolls of identify
 i - a scroll of teleportation {unknown}


   Skills:
 + Level 1.6 Dodging
 - Level 1.5 Stealth
 * Level 3.8 Spellcasting
 * Level 5.2 Necromancy


You had 8 spell levels left.
You knew the following spells:

 Your Spells              Type           Power      Damage    Failure   Level
a - Pain                  Necr           76%        1d7       1%          1
q - Animate Skeleton      Necr           38%        N/A       1%          1

Your spell library contained the following spells:

 Spells                   Type           Power      Damage    Failure   Level
 Vampiric Draining        Necr           19%        2d7       6%          3
 Animate Dead             Necr           9%         N/A       21%         4
 Agony                    Necr           19%        N/A       50%         5


Dungeon Overview and Level Annotations

Branches:
Dungeon (3/15)

Altars:
Ru

Shops:
D:1 =


Innate Abilities, Weirdness & Mutations

You are immune to poison.
Your flesh is cold resistant. (rC+)
You are immune to negative energy. (rN+++)
You are immune to unholy pain and torment.
You are vulnerable to heat. (rF-)
You do not drink.


Message History

Confirm with . or Enter, or press ? or * to list all spells.
Aiming: Pain (safe; 1% risk of failure)
Press: ? - help, Shift-Dir - straight line, f/p - dart slug
Aim: a dart slug (chance to affect: 89%)
Something writhes in agony.
The hobgoblin shouts!
You hear a shout!
Something hits you.
* * * LOW HITPOINT WARNING * * *
Casting: Pain (safe; 1% risk of failure)
Confirm with . or Enter, or press ? or * to list all spells.
You don't know that spell.
Unknown command.
Unknown command.
Throw: boomerang
Press: ? - help, Q - select action, (/) - cycle Shift-Dir - straight line, f/p - dart slug
Aim: a dart slug (93% to hit)
You throw a boomerang. The boomerang hits the dart slug.
The dart slug is moderately wounded.
You hear some strange, mumbled words.
You are confused.
The hobgoblin hits you.
* * * LOW HITPOINT WARNING * * *
Something hits you but does no damage. The dart slug launches a dart at you.
The slug dart hits you.
* * * LOW HITPOINT WARNING * * *
Something hits you but does no damage.
An orc comes into view. It is wielding a +0 hand axe.
Things that are here:
a +2 flail of holy wrath; a +0 chain mail You're too confused to cast spells.
You're too confused to aim your attacks!
Unknown command.
You're too confused to aim your attacks!
Unknown command.
The hobgoblin completely misses you.
You hear some strange, mumbled words.
A magic dart appears from out of thin air!
The magic dart hits you.
You die...

.#.# #..#.# .#.###
#..#. ###......
#..#. .........
#....###.....#
#............#
#..###.#<....#
#..##.#......#
######{@..###.#.###
#..)..wg...#!##.#
#.#####.###.# # #.#
#.# o.. # # ##..
#..^ ####


You could see a dart slug, an orc and a hobgoblin.

Vanquished Creatures
  4 adders (D:2)
  A worm (D:2)
  A dart slug (D:1)
  2 orcs (D:3)
  6 endoplasms
  2 giant cockroaches (D:1)
  A hobgoblin (D:1)
  2 jackals (D:1)
  A quokka (D:2)
  5 ball pythons
  6 bats
  A frilled lizard (D:1)
  2 goblins
  A kobold (D:1)
  4 rats
39 creatures vanquished.

Vanquished Creatures (collateral kills)
  An endoplasm (D:2)
  A bat (D:2)
2 creatures vanquished.

Grand Total: 41 creatures vanquished

Notes
Turn   | Place    | Note
-------+----------+-------------------------------------------
     0 | D:1      | hashsling the Mummy Necromancer began the quest for the
                  | Orb.
     0 | D:1      | Reached XP level 1. HP: 13/13 MP: 4/4
     4 | D:1      | Learned a level 1 spell: Animate Skeleton
   137 | D:1      | Reached XP level 2. HP: 19/19 MP: 2/5
   715 | D:1      | Found Ylanaffa's Jewellery Boutique.
   767 | D:2      | Reached XP level 3. HP: 24/24 MP: 4/7
   937 | D:2      | Reached skill level 5 in Necromancy
  1318 | D:2      | Reached XP level 4. HP: 30/30 MP: 3/9
  1318 | D:2      | Found a faded altar of an unknown god.
  1324 | D:2      | Prayed at the altar of an unknown god.
  1324 | D:2      | Became a worshipper of Ru the Awakened
  1494 | D:3      | Killed from afar by an orc wizard

Illustrated notes

Levels and vault maps discovered:
D:1:      minmay_arrival_arboretum_large, layout_basic, serial_shops,
          nicolae_shop_waterfront, grunt_decor_resistance, minmay_domino_2
D:2:      minmay_skewed_foursquare, layout_rooms,
          shapermc_ecumenical_altar_petra
D:3:      layout_loops_ring, minitemple

Skill      XL: |  1  2  3 |
---------------+----------+-----
Spellcasting   | 3 |  3.8
Necromancy     | 5 |  5.2
Dodging        | |  1.6
Stealth        | |  1.5

Action                   |  1- 3 |  4- 6 || total
-------------------------+-------+-------++-------
Melee: Hand axe          |     3 |       ||     3
       Spear             |    15 |       ||    15
Throw: Boomerang         |    27 |     5 ||    32
 Cast: Pain              |    53 |     8 ||    61
       Animate Skeleton  |     5 |       ||     5
  Use: Scroll            |     1 |       ||     1
Armor: Robe              |     6 |     2 ||     8
Dodge: Dodged            |    12 |     2 ||    14

Table legend: (Time is in decaauts)
 A = Elapsed time spent in this place.
 B = Non-inter-level travel time spent in this place.
 C = Inter-level travel time spent in this place.
 D = Time resting spent in this place.
 E = Time spent auto-exploring this place.
 F = Levels seen in this place.
 G = Mean time per level.
                   A        B        C        D        E       F      G
               +--------+--------+--------+--------+--------+-----+--------+
         Total |   1504 |   1504 |      0 |      0 |   1038 |   3 |  501.3 |
       Dungeon |   1504 |   1504 |      0 |      0 |   1038 |   3 |  501.3 |
               +--------+--------+--------+--------+--------+-----+--------+

Top non-repeatable levels by time:
     D:1: 757 daAuts
     D:2: 706 daAuts
     D:3: 40 daAuts
